 Dungeon Crawl Stone Soup version 0.23.0-28-g6fe0f4d (webtiles) character file.

Game seed: 1279667176554683290

16867 Lavandula the Grappler (level 12, 118/118 HPs)
             Began as a Troll Wanderer on Feb 25, 2019.
             Was a Believer of Cheibriados.
             Quit the game on level 1 of the Lair of Beasts.
             The game lasted 00:37:23 (11810 turns).

Lavandula the Grappler (Troll Wanderer)            Turns: 11810, Time: 00:37:23

Health: 118/118    AC: 10    Str: 33    XL:     12   Next: 13%
Magic:  15/15      EV: 11    Int: 14    God:    Cheibriados [**....]
Gold:   406        SH:  0    Dex: 15    Spells: 5/17 levels left

rFire    . . .     SeeInvis .     - Unarmed
rCold    + . .     Gourm    +   (no shield)
rNeg     . . .     Faith    .   Q - +1 troll leather armour {Snorg}
rPois    +         Spirit   .   (helmet restricted)
rElec    .         Reflect  .   q - +0 cloak
rCorr    .         Harm     .   (gloves unavailable)
MR       .....                  (boots unavailable)
Stlth    +.........             (no amulet)
HPRegen  1.09/turn              t - ring of poison resistance
MPRegen  0.14/turn              s - ring of protection from cold

@: heavily drained, very slow
A: large, unfitting armour, claws 3, fast metabolism 3, gourmand, regeneration
1, shaggy fur 1, tough skin 3
a: Bend Time, Renounce Religion


You were on level 1 of the Lair of Beasts.
You worshipped Cheibriados.
Cheibriados was pleased with you.
You were very full.

You visited 4 branches of the dungeon, and saw 16 of its levels.
You also visited: Bailey.

You collected 1423 gold pieces.
You spent 1017 gold pieces at shops.

Inventory:

Hand Weapons
 a - a +2 spear
 U - a +0 blowgun
Missiles
 R - 18 tomahawks (quivered)
 V - 4 curare-tipped needles
Armour
 q - a +0 cloak (worn)
 v - a +2 robe of magic resistance
 P - a +2 robe of cold resistance
 Q - a +1 troll leather armour (worn) {Snorg}
Magical Staves
 L - an uncursed staff of earth {unknown}
 T - an uncursed staff of summoning {unknown}
Jewellery
 i - an uncursed ring of fire
 k - an uncursed ring of see invisible
 s - a ring of protection from cold (right claw)
 t - a ring of poison resistance (left claw)
Wands
 g - a wand of flame (38)
 G - a wand of random effects (31)
 J - a wand of paralysis (10)
Scrolls
 c - 3 scrolls of teleportation
 h - a scroll of acquirement {unknown}
 n - 2 scrolls of enchant armour
 r - a scroll of random uselessness {unknown}
 u - 3 scrolls of enchant weapon
 w - a scroll of amnesia
 x - a scroll of vulnerability
 y - 7 scrolls of remove curse
 C - a scroll of brand weapon
 E - 2 scrolls of blinking {unknown}
 F - a scroll of torment {unknown}
 H - a scroll of holy word {unknown}
 I - a scroll of magic mapping {unknown}
 M - a scroll of identify
 O - 2 scrolls of fear {unknown}
Potions
 e - a potion of lignification
 f - 3 potions of mutation
 j - 9 potions of curing
 l - 3 potions of ambrosia
 m - 2 potions of resistance
 o - a potion of heal wounds
 p - 3 potions of flight {unknown}
 z - 4 potions of might
 A - 3 potions of magic {unknown}
 B - a potion of haste
 D - 2 potions of berserk rage {unknown}
 K - 2 potions of brilliance {unknown}
 S - a potion of cancellation {unknown}
Miscellaneous
 b - a phial of floods
Comestibles
 d - 26 rations


   Skills:
 - Level 7.0(4.0) Fighting
 - Level 1.0(0.0) Throwing
 - Level 4.6(1.8) Armour
 - Level 5.6(2.7) Dodging
 - Level 13.0(9.5) Unarmed Combat
 - Level 3.3(0.6) Spellcasting
 - Level 4.0(1.3) Hexes
 - Level 3.8(1.1) Translocations
 + Level 4.0(1.2) Invocations
 - Level 1.0(0.0) Evocations


You had 5 spell levels left.
You knew the following spells:

 Your Spells              Type           Power        Failure   Level  Hunger
a - Confusing Touch       Hex            #.....       17%         1    ##.....
b - Confuse               Hex            #.......     45%         3    ####...
c - Blink                 Tloc           N/A          28%         2    ###....
d - Blade Hands           Tmut           #.........   100%        5    ######.
e - Beastly Appendage     Tmut           #.....       30%         1    ##.....

Your spell library contained the following spells:

 Spells                   Type           Power        Failure   Level  Hunger
 Slow                     Hex            #.......     26%         2    ###....
 Magic Dart               Conj           #...         30%         1    ##.....
 Call Imp                 Summ           #.......     43%         2    ###....
 Sticks to Snakes         Tmut           #.......     43%         2    ###....
 Gell's Gravitas          Tloc           #.........   50%         3    ####...
 Conjure Flame            Conj/Fire      #.......     67%         3    ####...
 Mephitic Cloud           Conj/Pois/Air  #.......     67%         3    ####...
 Spider Form              Tmut/Pois      #.........   67%         3    ####...
 Ice Form                 Ice/Tmut       #.......     97%         4    #####..
 Petrify                  Tmut/Erth      #.......     97%         4    #####..
 Metabolic Englaciation   Hex/Ice        #.........   100%        5    ######.
 Yara's Violent Unravell  Hex/Tmut       #.........   100%        5    ######.


Dungeon Overview and Level Annotations

Branches:
Dungeon (12/15)            Temple (1/1) D:4            Lair (1/6) D:9
    Orc (2/2) D:11            Elf (0/3) Orc:2

Altars:
Ashenzari
Cheibriados
Dithmenos
Elyvilon
Fedhas
Gozag
Hepliaklqana
Kikubaaqudgha
Makhleb
Nemelex Xobeh
Okawaru
Qazlal
Ru
Sif Muna
Trog
Uskayaw
Vehumet
Wu Jian
Xom
Yredelemnul
Zin
The Shining One

Shops:
D:5 [*:(   D:10 *   Orc:2 (


Innate Abilities, Weirdness & Mutations

You are too large for most types of armour.
You have claws for hands.
Your metabolism is lightning-fast.
You like to eat raw meat.
Your natural rate of healing is unusually fast.
You are covered in fur. (AC +1)
You have extremely tough skin. (AC +3)


Message History

Found 9 poisoned needles.
Found a phial of floods.
Found a wand of paralysis (6).
Unknown command.
You see here a phial of floods.
b - a phial of floods A porcupine comes into view.
The porcupine moves out of view.
J - a wand of paralysis (10) (gained 6 charges)
The porcupine is too close now for your liking.
You claw the porcupine!
The porcupine is almost dead.
The porcupine closely misses you.
You claw the porcupine!
You kill the porcupine!
Cheibriados appreciates the change of pace.
Your base Invocations skill increases to level 4!
No target in view!
Found a stone staircase leading down.
Are you sure you want to abandon this character and quit the game? (Confirm with "yes".)

##... ....# #...## ##
##....##.####
#............
#..........>
###...........
.##P#...@.......
........####..##
.........###..##
.#...#...##....#
......#........##
................##
#..#..................##
#.......[..............#
.......................#


There were no monsters in sight!

Vanquished Creatures
  Snorg (D:10)
  A centaur warrior (D:8)
  A two-headed ogre (D:11)
  Sonja (D:11)
  An unseen horror (D:6)
  2 orc knights (Orc:2)
  2 orc sorcerers (Orc:2)
  2 trolls (D:11)
  5 hippogriffs
  Sigmund (D:6)
  A wyvern (D:9)
  10 yaks (D:11)
  An acid dragon (D:6)
  A water moccasin (D:11)
  A porcupine (Lair:1)
  17 orc warriors
  3 ice beasts
  5 phantoms
  8 ogres
  4 sky beasts
  2 black bears
  3 centaurs
  A big kobold (D:9)
  5 bullfrogs
  2 gnoll sergeants
  A wyvern skeleton (D:11)
  5 killer bees
  3 scorpions
  17 wights
  4 howler monkeys
  13 crimson imps
  2 centaur zombies
  10 hounds
  4 jellies
  16 orc priests
  22 orc wizards
  4 bullfrog skeletons
  A centaur skeleton (D:4)
  4 iguanas
  5 worker ants
  A hound skeleton (D:7)
  14 gnolls
  15 adders
  A shadow imp (D:9)
  2 white imps (D:9)
  7 oozes
  An adder zombie (D:8)
  An adder skeleton (D:6)
  3 worms
  3 dart slugs
  4 leopard geckos
  82 orcs
  7 giant cockroaches
  8 goblins
  5 hobgoblins
  6 jackals
  16 kobolds
  5 quokkas
  4 ball pythons
  12 bats
  2 frilled lizards
  A jackal skeleton (D:4)
  A quokka zombie (D:6)
  6 rats
399 creatures vanquished.

Notes
Turn   | Place    | Note
-------+----------+-------------------------------------------
     0 | D:1      | Lavandula the Troll Wanderer began the quest for the Orb.
     0 | D:1      | Lavandula set off with the following items: a +2 spear, a
                  | +0 robe, a scroll of teleportation, 2 rations
     0 | D:1      | Reached XP level 1. HP: 26/26 MP: 0/0
     4 | D:1      | Noticed a ghoul
     4 | D:1      | Noticed a vampire
     6 | D:1      | Noticed a human
     8 | D:1      | Noticed a vine stalker
    10 | D:1      | Noticed an octopode
    10 | D:1      | Noticed a gargoyle
    12 | D:1      | Noticed a tengu
    12 | D:1      | Noticed a minotaur
    14 | D:1      | Noticed a demigod
    14 | D:1      | Noticed a felid
    16 | D:1      | Noticed a halfling
    18 | D:1      | Noticed a dwarf
    18 | D:1      | Noticed a naga
    20 | D:1      | Noticed a formicid
    20 | D:1      | Noticed an elf
    22 | D:1      | Noticed a merfolk
    22 | D:1      | Noticed an ogre
    24 | D:1      | Noticed a demonspawn
    24 | D:1      | Noticed a spriggan
    26 | D:1      | Noticed a draconian
    28 | D:1      | Noticed a troll
    28 | D:1      | Noticed a centaur
   103 | D:1      | Reached skill level 1 in Unarmed Combat
   160 | D:1      | Reached XP level 2. HP: 21/33 MP: 1/1
   176 | D:1      | Reached skill level 2 in Unarmed Combat
   529 | D:1      | Reached XP level 3. HP: 41/41 MP: 2/2
   758 | D:1      | Reached skill level 3 in Unarmed Combat
  1073 | D:2      | Reached XP level 4. HP: 49/49 MP: 3/3
  1341 | D:3      | Reached skill level 4 in Unarmed Combat
  1580 | D:3      | Found an opulent altar of Gozag.
  1580 | D:3      | Found a glowing golden altar of the Shining One.
  1820 | D:3      | Found an ancient bone altar of Kikubaaqudgha.
  1932 | D:3      | Found a sparkling altar of Nemelex Xobeh.
  2073 | D:4      | Noticed an ogre
  2085 | D:4      | Reached XP level 5. HP: 55/55 MP: 4/4
  2089 | D:4      | Killed an ogre
  2089 | D:4      | Reached skill level 5 in Unarmed Combat
  2101 | D:4      | Reached XP level 6. HP: 57/65 MP: 5/5
  2106 | D:4      | Found a staircase to the Ecumenical Temple.
  2112 | D:4      | Reached skill level 6 in Unarmed Combat
  2118 | D:4      | You fall through a shaft for 2 floors!
  2119 | D:6      | Noticed an orc warrior
  2126 | D:6      | Noticed Sigmund
  2127 | D:5      | Entered Level 5 of the Dungeon
  2128 | D:5      | Found Musen's Book Shop.
  2158 | D:5      | Noticed an orc warrior
  2297 | D:5      | Found Vuzajaleipp's Antique Armour Shop.
  2305 | D:5      | Bought a runed robe for 85 gold pieces
  2354 | D:5      | Reached skill level 5 in Fighting
  2479 | D:6      | Reached skill level 7 in Unarmed Combat
  2608 | D:5      | Reached XP level 7. HP: 47/72 MP: 6/6
  2677 | D:5      | Found Nyoroarch's Assorted Antiques.
  2680 | D:5      | Bought a smoky red potion for 23 gold pieces
  2680 | D:5      | Bought a scroll labeled TUCSOTU GINNI for 26 gold pieces
  2680 | D:5      | Bought a scroll labeled MAONEN OZAPS for 26 gold pieces
  2680 | D:5      | Bought a scroll labeled TUCSOTU GINNI for 26 gold pieces
  2680 | D:5      | Bought a lumpy dark potion for 23 gold pieces
  2894 | D:5      | Found Pexzac's Distillery.
  3045 | D:5      | Reached skill level 8 in Unarmed Combat
  3101 | D:5      | Found Geugid's Antique Weapon Boutique.
  3323 | D:4      | Reached skill level 9 in Unarmed Combat
  3374 | D:4      | Found a radiant altar of Vehumet.
  3571 | D:4      | Reached XP level 8. HP: 77/80 MP: 7/7
  3769 | Temple   | Entered the Ecumenical Temple
  3817 | D:5      | Bought a potion of curing for 30 gold pieces
  3817 | D:5      | Bought a potion of haste for 100 gold pieces
  3817 | D:5      | Bought a potion of degeneration for 10 gold pieces
  3878 | D:6      | Found a sacrificial altar of Ru.
  4045 | D:6      | Learned a level 1 spell: Confusing Touch
  4080 | D:6      | Reached skill level 1 in Hexes
  4408 | D:6      | Killed an unseen horror
  4418 | D:6      | Reached XP level 9. HP: 67/88 MP: 6/8
  4670 | D:6      | Killed Sigmund
  4710 | D:5      | Bought a potion of lignification for 30 gold pieces
  4869 | D:7      | Found a shadowy altar of Dithmenos.
  5034 | D:7      | Found a flagged portal.
  5052 | Bailey   | Entered a bailey
  5052 | Bailey   | Noticed an orc knight
  5061 | Bailey   | Learned a level 3 spell: Confuse
  5226 | D:7      | Reached skill level 1 in Spellcasting
  5544 | D:7      | Reached skill level 5 in Dodging
  5874 | D:7      | Reached skill level 10 in Unarmed Combat
  5971 | D:7      | Reached XP level 10. HP: 96/96 MP: 13/13
  5995 | D:7      | Found a deep blue altar of Sif Muna.
  6131 | D:8      | Noticed a centaur warrior
  6211 | D:8      | Killed a centaur warrior
  6211 | D:8      | Reached skill level 11 in Unarmed Combat
  6744 | D:8      | Found a stormy altar of Qazlal.
  7026 | D:8      | Found a hazy altar of Hepliaklqana.
  7026 | D:8      | Found a glowing silver altar of Zin.
  7031 | D:8      | Found an ornate altar of the Wu Jian Council.
  7034 | D:8      | Found an iron altar of Okawaru.
  7040 | D:8      | Reached skill level 12 in Unarmed Combat
  7041 | D:8      | Found a white marble altar of Elyvilon.
  7521 | D:9      | Identified the +1 leather armour of Malu {rN+ Slay+5}
  7618 | D:9      | Reached skill level 13 in Unarmed Combat
  7765 | D:9      | Found a staircase to the Lair.
  7895 | D:5      | Bought a potion of agility for 40 gold pieces
  7895 | D:5      | Bought a potion of ambrosia for 80 gold pieces
  7895 | D:5      | Bought a potion of might for 40 gold pieces
  7895 | D:5      | Bought a potion of mutation for 80 gold pieces
  7895 | D:5      | Bought a potion of curing for 30 gold pieces
  7990 | D:10     | Entered Level 10 of the Dungeon
  8120 | D:10     | Reached XP level 11. HP: 99/105 MP: 14/14
  8188 | D:10     | Noticed Snorg
  8235 | D:10     | Killed Snorg
  8389 | D:10     | Found Bomuluob's Assorted Antiques.
  8392 | D:10     | Bought a blue potion for 32 gold pieces
  8392 | D:10     | Bought a scroll labeled LICOTROAMM for 36 gold pieces
  8859 | D:11     | Reached skill level 1 in Armour
  8938 | D:11     | Found a sparkling altar of Nemelex Xobeh.
  8967 | D:11     | Noticed Sonja
  9006 | D:10     | Learned a level 2 spell: Blink
  9237 | Temple   | Became a worshipper of Cheibriados the Contemplative
  9381 | D:11     | Found a staircase to the Orcish Mines.
  9415 | D:11     | Noticed a two-headed ogre
  9428 | D:11     | Killed a two-headed ogre
  9531 | D:11     | Reached * piety under Cheibriados
  9636 | D:11     | Reached skill level 1 in Translocations
  9663 | D:11     | ...
  9932 | D:11     | Killed Sonja
 10048 | D:11     | Reached ** piety under Cheibriados
 10350 | Orc:1    | Entered Level 1 of the Orcish Mines
 10453 | Orc:1    | You fall through a shaft!
 10453 | Orc:2    | Entered Level 2 of the Orcish Mines
 10540 | Orc:2    | Noticed an orc sorcerer
 10575 | Orc:2    | Noticed an orc knight
 10620 | Orc:2    | Killed an orc sorcerer
 10764 | Orc:2    | Found a staircase to the Elven Halls.
 10866 | Orc:2    | Killed an orc knight
 10866 | Orc:2    | Reached skill level 1 in Invocations
 10866 | Orc:2    | Reached XP level 12. HP: 99/118 MP: 15/15
 11044 | Orc:2    | Found Ulohec's Weapon Emporium.
 11191 | Orc:2    | Noticed a two-headed ogre
 11191 | Orc:2    | Noticed a two-headed ogre
 11191 | Orc:2    | Noticed a two-headed ogre
 11191 | Orc:2    | Noticed a two-headed ogre
 11191 | Orc:2    | Noticed a two-headed ogre
 11191 | Orc:2    | Noticed a two-headed ogre
 11192 | Orc:2    | Noticed a two-headed ogre
 11613 | D:5      | Bought a book of Changes for 300 gold pieces
 11619 | D:5      | Learned a level 5 spell: Blade Hands
 11621 | D:5      | Learned a level 1 spell: Beastly Appendage
 11722 | Lair:1   | Entered Level 1 of the Lair of Beasts
 11810 | Lair:1   | Quit the game

Skill      XL: |  1  2  3  4  5  6  7  8  9 10 11 12 |
---------------+-------------------------------------+-----
Unarmed Combat | 1 2 3 4 5 7 9 10 13 | 13.0
Fighting       | 5 7 |  7.0
Hexes          | 4 |  4.0
Dodging        | 2 5 |  5.6
Spellcasting   | 2 3 |  3.3
Armour         | 4 |  4.6
Translocations | 3 |  3.8
Invocations    | 1 4 |  4.0
Throwing       | |  1.0
Evocations     | |  1.0

Action                   |  1- 3 |  4- 6 |  7- 9 | 10-12 || total
-------------------------+-------+-------+-------+-------++-------
Melee: Unarmed           |   131 |   170 |   324 |   698 ||  1323
       Punch             |     1 |     1 |    10 |    32 ||    44
Throw: Tomahawk          |       |       |       |     6 ||     6
 Cast: Confusing Touch   |       |       |    18 |    47 ||    65
       Confuse           |       |       |       |     5 ||     5
       Blink             |       |       |       |     5 ||     5
Evoke: Wand              |       |       |       |     3 ||     3
  Use: Scroll            |       |     1 |     9 |     1 ||    11
       Potion            |       |       |     1 |     9 ||    10
 Stab: Confused          |       |       |     7 |    25 ||    32
       Paralysed         |       |       |       |    10 ||    10
  Eat: Chunk             |    12 |    18 |    29 |    50 ||   109
Armor: Robe              |    55 |    65 |   101 |    68 ||   289
       Skin              |       |       |    17 |    14 ||    31
       Troll leather arm |       |       |       |   143 ||   143
Dodge: Dodged            |    81 |    92 |   122 |   317 ||   612
